 Dungeon Crawl Stone Soup version 0.32-a0-7-ge934b4519a (webtiles) character file.

Game seed: 9287631383086917518

2462 beavis94 the Conjurer (level 9, -7/56 (61) HPs)
             Began as a Human Wanderer on Jan 13, 2024.
             Was a Follower of Vehumet.
             Shot with an arrow by a centaur (9 damage)
             ... on level 8 of the Dungeon.
             The game lasted 00:12:23 (11777 turns).

beavis94 the Conjurer (Human Wanderer)             Turns: 11777, Time: 00:12:24

HP:   -7/56 (61)    AC:  6    Str: 12    XL:     9   Next: 50%
MP:   9/18          EV: 10    Int: 16    God:    Vehumet [*.....]
Gold: 530           SH:  0    Dex: 14    Spells: 16/21 levels left

rFire   + . .        h - +3 rapier
rCold   . . .        (no shield)
rNeg    . . .        t - +1 leather armour {rF+}
rPois   .            (no helmet)
rElec   .            (no cloak)
rCorr   .            d - +0 pair of gloves
SInv    .            b - +0 pair of boots
Will    .....        (no amulet)
Stlth   ++           (no ring)
HPRegen 0.29/turn    (no ring)
MPRegen 0.16/turn

%: no passive effects
@: drained
A: explore regen
a: Renounce Religion


You were on level 8 of the Dungeon.
You worshipped Vehumet.
Vehumet was aware of your devotion.
You visited 2 branches of the dungeon, and saw 9 of its levels.

You collected 552 gold pieces.
You spent 22 gold pieces at shops.

Inventory:

Hand Weapons
 h - a +3 rapier (weapon)
Armour
 b - a +0 pair of boots (worn)
 d - a +0 pair of gloves (worn)
 t - a +1 leather armour of fire resistance (worn)
Wands
 i - a wand of roots (28)
 u - a wand of polymorph (7) (quivered)
 v - a wand of flame (12)
Scrolls
 a - a scroll of amnesia {unknown}
 e - 3 scrolls of fear
 f - 2 scrolls of silence {unknown}
 j - 2 scrolls of fog
 k - a scroll of immolation {unknown}
 m - a scroll of enchant weapon {unknown}
 o - a scroll of enchant armour {unknown}
 p - 6 scrolls of teleportation
 r - a scroll of blinking {unknown}
 x - a scroll of summoning
Potions
 g - 2 potions of cancellation
 l - 3 potions of enlightenment
 n - 2 potions of brilliance
 q - a potion of berserk rage
 s - 2 potions of heal wounds
 w - a potion of magic


   Skills:
 - Level 2.0 Fighting
 - Level 3.0 Ranged Weapons
 - Level 1.0 Armour
 - Level 2.0 Stealth
 + Level 6.5 Spellcasting
 + Level 6.9 Conjurations
 + Level 2.2 Fire Magic
 + Level 6.9 Air Magic
 - Level 1.0 Alchemy


You had 16 spell levels left.
You knew the following spells:

 Your Spells              Type           Power      Damage    Failure   Level
a - Foxfire               Conj/Fire      76%        2x1d7     2%          1
b - Mephitic Cloud        Conj/Alch/Air  21%        N/A       6%          3
c - Sting                 Conj/Alch      72%        1d7       3%          1

Your spell library contained the following spells:

 Spells                   Type           Power      Damage    Failure   Level
 Swiftness                Air            27%        N/A       3%          3
 Ensorcelled Hibernation  Hex/Ice        10%        N/A       26%         2
 Gell's Gravitas          Tloc           5%         N/A       45%         3
 Passwall                 Erth           5%         N/A       45%         3
 Teleport Other           Tloc           5%         N/A       45%         3
 Dispersal                Tloc           2%         N/A       100%        6


Dungeon Overview and Level Annotations

Branches:
Dungeon (8/15)             Temple (1/1) D:4
   Lair: D:8-11

Altars:
Ashenzari
Cheibriados
Dithmenos
Elyvilon
Fedhas
Gozag
Hepliaklqana
Kikubaaqudgha
Makhleb
Nemelex Xobeh
Okawaru
Qazlal
Ru
Sif Muna
Trog
Uskayaw
Vehumet
Wu Jian
Xom
Yredelemnul
Zin
The Shining One

Shops:
D:2 *

Annotations:
D:6 3 runed translucent doors, MisterAzrael's ghost, novice DjFE; Pooter's ghost, novice MiFi; liarliar's ghost, novice DECj


Innate Abilities, Weirdness & Mutations

You regain HP and MP as you explore.


Message History

Casting: Mephitic Cloud (dangerous; 6% risk of failure)
Confirm with . or Enter, or press ? or * to list all spells.
Aiming: Mephitic Cloud (dangerous; 6% risk of failure)
Press: ? - help, Shift-Dir - straight line, p - orc warrior The ball explodes into a vile cloud!
The stinking cloud engulfs the orc priest.
The orc priest is engulfed in noxious fumes.
The orc priest appears confused.
The orc priest hits you with a +0 hand axe.
* * * LOW HITPOINT WARNING * * *
The orc priest is engulfed in noxious fumes.
The orc priest appears confused.
The orc warrior laughs at nothing.
You see here a +0 dagger.
Casting: Mephitic Cloud (dangerous; 6% risk of failure)
Confirm with . or Enter, or press ? or * to list all spells.
Aiming: Mephitic Cloud (dangerous; 6% risk of failure)
Press: ? - help, Shift-Dir - straight line, f - orc warrior
Aim: an orc warrior, wielding a +0 halberd and wearing a +0 plate armour (confused, chance to affect: 81%)
The ball explodes into a vile cloud!
The stinking cloud engulfs the orc warrior.
The centaur is engulfed in noxious fumes.
The centaur appears confused.
The orc priest is engulfed in noxious fumes.
The orc priest appears confused.
The orc warrior is engulfed in noxious fumes.
The orc warrior appears confused.
The orc priest is engulfed in noxious fumes.
The orc warrior is engulfed in noxious fumes.
The orc warrior appears confused.
The orc warrior is engulfed in noxious fumes.
The orc priest is engulfed in noxious fumes.
The orc priest appears confused.
The centaur shoots an arrow.
The arrow hits you.
* * * LOW HITPOINT WARNING * * *
The centaur shoots an arrow.
The arrow hits you but does no damage.
The orc priest is engulfed in noxious fumes.
The orc priest appears confused.
The centaur shoots an arrow.
The arrow hits you!
You die...

#.#.# ###.## #)#.# ###### #...
#.#.# #..o.# ####
########.#.####).○.# #
##.............'....# #
#.........#c####.)°.# #########
...#..........##....# #.z.....#
#...#.#.......##....####.#####.#
#...#.#.......##@...##...# #.#
#...#.#...[...##....##.### #.#
#...#.#####.#..c....##.# #.#
#...#.# #.####....##.# #(#
#...#.# #.# #....##.# #z#
#...#.# #.# #....##z# #.#
#...#.# #o# #######.# #.#
#...#.# #.# #.# #.# #...#.# #.#
#.# #.##


You could see a centaur and an orc priest (confused).

Vanquished Creatures
  A wyvern (D:6)
  Eustachio (D:5)
  A steam dragon (D:8)
  2 orc warriors (D:5)
  A sky beast (D:7)
  A black bear (D:6)
  An ogre (D:5)
  A centaur (D:8)
  2 phantoms (D:4)
  3 bullfrogs
  3 scorpions
  2 wights (D:8)
  3 howler monkeys
  A bombardier beetle (D:5)
  5 orc priests
  3 jellies
  2 iguanas
  9 orc wizards
  4 gnolls (D:8)
  7 adders
  2 white imps
  3 shadow imps
  4 dart slugs
  22 orcs
  3 bats
  3 endoplasms
  2 giant cockroaches (D:1)
  5 goblins
  9 hobgoblins
  3 jackals (D:2)
  3 quokkas
  4 ball pythons
  2 frilled lizards
  2 kobolds
  3 rats
123 creatures vanquished.

Vanquished Creatures (others)
  116 foxfires
116 creatures vanquished.

Grand Total: 239 creatures vanquished

Notes
Turn   | Place    | Note
-------+----------+-------------------------------------------
     0 | D:1      | beavis94 the Human Wanderer began the quest for the Orb.
     0 | D:1      | beavis94 set off with the following items: a +2 sling, a +0
                  | pair of boots, a potion of might, a +0 robe; and the
                  | following spell memorised: Sting; and the following spells
                  | available to memorise: Mephitic Cloud.
     0 | D:1      | Reached XP level 1. HP: 16/16 MP: 2/2
   147 | D:1      | Reached XP level 2. HP: 20/22 MP: 3/3
   368 | D:1      | Reached skill level 1 in Conjurations
   377 | D:1      | Reached skill level 1 in Air Magic
   802 | D:2      | Reached XP level 3. HP: 20/27 MP: 5/5
  1611 | D:2      | Found Hyasylo's General Store.
  1690 | D:2      | Bought a scroll of identify for 22 gold pieces
  1696 | D:2      | Learned a level 3 spell: Mephitic Cloud
  1789 | D:3      | Reached XP level 4. HP: 33/33 MP: 7/7
  2073 | D:3      | Found a hazy altar of Hepliaklqana.
  2670 | D:3      | Reached XP level 5. HP: 11/38 MP: 1/8
  2777 | D:4      | Noticed a phantom
  2805 | D:4      | Noticed a phantom
  3486 | D:4      | Killed a phantom
  3487 | D:4      | Reached XP level 6. HP: 10/44 MP: 3/10
  3904 | D:4      | Found a staircase to the Ecumenical Temple.
  4088 | Temple   | Entered the Ecumenical Temple
  4121 | Temple   | Became a worshipper of Vehumet
  4287 | D:5      | Entered Level 5 of the Dungeon
  4305 | D:5      | Reached XP level 7. HP: 22/50 MP: 4/12
  5043 | D:5      | Noticed Eustachio
  5776 | D:5      | Killed Eustachio
  5777 | D:5      | Reached skill level 5 in Conjurations
  5777 | D:5      | Reached skill level 5 in Air Magic
  5777 | D:5      | Reached XP level 8. HP: 54/56 MP: 3/15
  6528 | D:6      | Reached skill level 5 in Spellcasting
  6997 | D:6      | Found a runed translucent gate.
  6997 | D:6      | Found a runed translucent gate.
  6998 | D:6      | Found a runed translucent gate.
  6999 | D:6      | Noticed MisterAzrael's ghost (novice DjFE)
  6999 | D:6      | Noticed liarliar's ghost (novice DECj)
  7000 | D:6      | Noticed Pooter's ghost (novice MiFi)
  7502 | D:7      | Noticed a wyvern
  7527 | D:6      | Killed a wyvern
  7993 | D:6      | Found a runed translucent gate.
  7993 | D:6      | Found a runed translucent gate.
  7993 | D:6      | Found a runed translucent gate.
  9130 | D:7      | Reached XP level 9. HP: 61/61 MP: 10/17
  9195 | D:7      | Reached * piety under Vehumet
  9195 | D:7      | Offered knowledge of Foxfire by Vehumet.
  9568 | D:7      | Learned a level 1 spell: Foxfire
  9717 | D:8      | Reached skill level 1 in Fire Magic
 11194 | D:8      | Found an iron altar of Okawaru.
 11776 | D:8      | HP: 2/56 [centaur/arrow (5)]
 11777 | D:8      | Shot with an arrow by a centaur

Illustrated notes

Levels and vault maps discovered:
D:1:      matt_arrival_grand_opening, layout_loops_ring,
          nicolae_twisty_statue_hallways
D:2:      layout_basic, serial_shops, shop
D:3:      layout_loops_cross, nicolae_hepliaklqana_hazy_memory
D:4:      layout_basic, lemuel_temple_firewalk_b, serial_bayou_lagoon_b
D:5:      layout_loops_ring, uniq_eustachio
D:6:      layout_rooms, gammafunk_ghost_cemetery, dk_noncrumbling_4
D:7:      layout_basic
D:8:      layout_basic, amcnicky_altar_gilded
Temple:   mainiacjoe_temple_big_plus

Skill      XL: |  1  2  3  4  5  6  7  8  9 |
---------------+----------------------------+-----
Conjurations   | 1 2 3 5 6 |  6.9
Air Magic      | 1 2 3 5 6 |  6.9
Spellcasting   | 2 3 4 5 6 |  6.5
Fire Magic     | 2 |  2.2
Fighting       | |  2.0
Ranged Weapons | |  3.0
Armour         | |  1.0
Stealth        | |  2.0
Alchemy        | |  1.0

Action                     |  1- 3 |  4- 6 |  7- 9 || total
---------------------------+-------+-------+-------++-------
  Melee: Rapier            |    38 |    46 |    34 ||   118
         Punch             |       |     1 |     1 ||     2
   Fire: Sling             |    54 |       |       ||    54
   Cast: Sting             |    15 |    82 |   216 ||   313
         Mephitic Cloud    |       |       |    14 ||    14
         Foxfire           |       |       |    73 ||    73
  Evoke: Wand              |       |       |     3 ||     3
    Use: Scroll            |     2 |       |    10 ||    12
         Potion            |       |     3 |       ||     3
   Stab: Sleeping          |       |     4 |       ||     4
 Armour: Robe              |    61 |    81 |    29 ||   171
         Leather armour    |       |       |   182 ||   182
  Dodge: Dodged            |    55 |    32 |   115 ||   202

Table legend: (Time is in decaauts)
 A = Elapsed time spent in this place.
 B = Non-inter-level travel time spent in this place.
 C = Inter-level travel time spent in this place.
 D = Time resting spent in this place.
 E = Time spent auto-exploring this place.
 F = Levels seen in this place.
 G = Mean time per level.
                   A        B        C        D        E       F      G
               +--------+--------+--------+--------+--------+-----+--------+
         Total |  11837 |  11407 |    430 |     64 |   9772 |   9 | 1315.2 |
       Dungeon |  11773 |  11403 |    370 |     64 |   9772 |   8 | 1471.6 |
        Temple |     63 |      3 |     60 |      0 |      0 |   1 |   63.0 |
               +--------+--------+--------+--------+--------+-----+--------+

Top non-repeatable levels by time:
     D:5: 2340 daAuts
     D:7: 1897 daAuts
     D:6: 1634 daAuts
     D:8: 1631 daAuts
     D:4: 1459 daAuts
     D:3: 1056 daAuts
     D:2: 1021 daAuts
     D:1: 733 daAuts
  Temple: 63 daAuts
